 Dungeon Crawl Stone Soup version 0.31-a0-319-g4fced400ed (webtiles) character file.

Game seed: 6395951846004990024

3 1Anon the Changeling (level 1, -8/14 HPs)
             Began as an Octopode Shapeshifter on July 18, 2023.
             Mangled by a kobold brigand
             ... wielding a +0 dagger
              (9 damage)
             ... on level 7 of the Dungeon.
             The game lasted 00:01:23 (197 turns).

1Anon the Changeling (Octopode Shapeshifter)         Turns: 197, Time: 00:01:24

Health: -8/14      AC:  1    Str: 14    XL:     1   Next: 50%
Magic:  1/1        EV: 13    Int: 10    God:
Gold:   28         SH:  0    Dex: 12    Spells: 0/0 levels left

rFire   . .          .
                       - Unarmed
rCold   . . .        (no shield)
rNeg    . . .        (helmet currently unavailable)
rPois   .            (no amulet)
rElec   .            (no ring)
rCorr   .            (no ring)
SInv    .            (no ring)
Will    .....        (no ring)
Stlth   ++           (no ring)
HPRegen 0.22/turn    (no ring)
MPRegen 0.07/turn    (no ring)
                     (no ring)

%: no passive effects
@: beast-form
A: beast (slay +2), almost no armour, amphibious, 8 rings, camouflage 1,
gelatinous body 1, (nimble swimmer 1), tentacles
a: Begin Untransformation


You were on level 7 of the Dungeon.
You were a hulking beast.
You visited 1 branch of the dungeon, and saw 7 of its levels.

You collected 28 gold pieces.

Inventory:

Talismans
 b - a beast talisman
Scrolls
 c - 2 scrolls of teleportation
 d - a scroll of identify
Potions
 a - a potion of lignification
 e - a potion of enlightenment {unknown}


   Skills:
 + Level 2.0 Fighting
 - Level 2.0 Dodging
 * Level 2.0 Unarmed Combat
 + Level 3.1 Shapeshifting


You couldn't memorise any spells.
You didn't know any spells.
Your spell library was empty.

Dungeon Overview and Level Annotations

Branches:
Dungeon (7/15)
 Temple: D:4-7

Altars:

Annotations:
D:5 Blork the orc


Innate Abilities, Weirdness & Mutations

You are a hulking beast.
Your limbs bulge with bestial killing power. (Slay +2)
You cannot wear most types of armour.
You are amphibious.
You can wear up to eight rings at the same time.
Your skin changes colour to match your surroundings (Stealth+).
Your rubbery body absorbs attacks. (AC +1, EV +1)
((You are camouflaged when in or above water. (Stealth+)))
You have tentacles for arms and can constrict up to eight enemies at once.


Message History

There is a stone staircase leading down here.
An orc comes into view. It is wielding a +0 flail.
An orc and an orc wizard come into view.
Found a scroll labelled NUSCHAC XAEJU.
The orc shouts!
The orc shouts!
There is a stone staircase leading down here.
You climb downwards.
There is a stone staircase leading up here.
Found a hand axe.
Found a falchion and 9 stones.
Found 15 stones and a tiny garnet amulet.
A kobold brigand comes into view.
It is wielding a +0 dagger and quivering poisoned darts.
You see here 3 stones.
Autopickup is now off.
Unknown command.
The helpless kobold brigand fails to defend itself.
You tentacle-slap the kobold brigand. You grab the kobold brigand.
The kobold brigand is moderately wounded.
You constrict the kobold brigand, but do no damage.
The kobold brigand hits you with a +0 dagger.
You tentacle-slap the kobold brigand.
The kobold brigand is moderately wounded.
You constrict the kobold brigand.
The kobold brigand hits you with a +0 dagger.
You tentacle-slap the kobold brigand.
The kobold brigand is heavily wounded.
You constrict the kobold brigand.
The kobold brigand hits you with a +0 dagger!
Ouch! That really hurt!
* * * LOW HITPOINT WARNING * * *
You tentacle-slap the kobold brigand.
The kobold brigand is severely wounded.
You constrict the kobold brigand. The kobold brigand closely misses you.
You tentacle-slap the kobold brigand but do no damage.
The kobold brigand is severely wounded.
You constrict the kobold brigand.
The kobold brigand hits you with a +0 dagger!
Ouch! That really hurt!
You die...

.......<[####.##....
....####......#.....
........##..........
..##...............
#..#####.........
...#.###.#........
#..# #.#.#.#.......
#.. #)#.##....... #.
#(#h## .......
#.#"#K# ....).. .#.#
#.#..#..## #.#
#.....#.. ..# .#..
..# ##. . .. # . .
..


You could see a kobold brigand.

Vanquished Creatures
  A bat (D:3)
  2 kobolds (D:4)
  A rat (D:3)
4 creatures vanquished.

Notes
Turn   | Place    | Note
-------+----------+-------------------------------------------
     0 | D:1      | 1Anon the Octopode Shapeshifter began the quest for the
                  | Orb.
     0 | D:1      | Reached XP level 1. HP: 14/14 MP: 1/1
   117 | D:4      | Noticed an ogre
   140 | D:5      | Entered Level 5 of the Dungeon
   160 | D:5      | Noticed Blork the orc
   177 | D:6      | Noticed an orc wizard
   192 | D:7      | Noticed a kobold brigand
   197 | D:7      | Mangled by a kobold brigand

Illustrated notes

Levels and vault maps discovered:
D:1:      minmay_arrival_jagged, layout_loops_ring, minmay_tetromino_o2
D:2:      layout_basic, minmay_distorted, uniq_natasha
D:3:      layout_basic, biasface_ghost_orc_armoury
D:4:      layout_loops_ring, lemuel_doored_altar,
          minmay_temple_entry_junction_2, serial_shops,
          nicolae_inconvenience_store, lightli_ossuary_entry_decrepit_ruins,
          serial_bayou_pond_b
D:5:      layout_cave_pods, roderic_lattice_a, nicolae_figureground_sparkle,
          uniq_grinder, uniq_ijyb, uniq_blork_the_orc
D:6:      layout_cave_pools, okawaru_ov_weapons_minmay, kennysheep_mini,
          serial_shops, nicolae_shop_real_fake_doors, serial_column_ruins,
          column_ruins_courtyard_long, column_ruins_open_tiny,
          column_ruins_open_small_water, column_ruins_columns_dead_end,
          column_ruins_corridor_straight, column_ruins_corridor_water,
          column_ruins_open_small_water
D:7:      layout_rooms, nemelex_diamond_rough_becter, hangedman_decor_points,
          chequers_serial_rivers_micro_e, minmay_circle_x

Action                     || total
---------------------------++-------
  Melee: Unarmed           ||    11
         Constrict         ||     3
         Tentacles         ||     3
    Use: Scroll            ||     2
   Stab: Sleeping          ||     1
  Dodge: Dodged            ||     6

Table legend: (Time is in decaauts)
 A = Elapsed time spent in this place.
 B = Non-inter-level travel time spent in this place.
 C = Inter-level travel time spent in this place.
 D = Time resting spent in this place.
 E = Time spent auto-exploring this place.
 F = Levels seen in this place.
 G = Mean time per level.
                   A        B        C        D        E       F      G
               +--------+--------+--------+--------+--------+-----+--------+
         Total |    197 |    197 |      0 |      0 |      0 |   7 |   28.1 |
       Dungeon |    197 |    197 |      0 |      0 |      0 |   7 |   28.1 |
               +--------+--------+--------+--------+--------+-----+--------+

Top non-repeatable levels by time:
     D:3: 73 daAuts
     D:4: 31 daAuts
     D:6: 23 daAuts
     D:2: 22 daAuts
     D:5: 17 daAuts
     D:7: 16 daAuts
     D:1: 12 daAuts
